 Dungeon Crawl Stone Soup version 0.27.1-1-g398f81649c (webtiles) character file.

Game seed: 7504168607118061981

1159 MisterFreud the Shield-Bearer (level 8, -3/67 HPs)
             Began as a Gnoll Fighter on Sept 7, 2021.
             Was a Priest of Wu Jian.
             Engulfed by a steam dragon's steam (9 damage)
             ... on level 6 of the Dungeon.
             The game lasted 00:05:31 (6019 turns).

MisterFreud the Shield-Bearer (Gnoll Fighter)       Turns: 6019, Time: 00:05:32

Health: -3/67      AC:  9    Str: 17    XL:     8   Next: 39%
Magic:  12/12      EV:  9    Int: 15    God:    Wu Jian [***...]
Gold:   312        SH: 10    Dex: 11    Spells: 13/13 levels left

rFire    . . .     SeeInvis .   n - +2 dagger (venom)
rCold    . . .     Faith    .   c - +0 kite shield
rNeg     . . .     Spirit   .   b - +0 scale mail
rPois    +         Reflect  .   (no helmet)
rElec    .         Harm     .   z - +0 cloak
rCorr    .         Rampage  .   (no gloves)
Will     .....                  (no boots)
Stlth    +.........             (no amulet)
HPRegen  0.21/turn              D - ring of poison resistance
MPRegen  0.13/turn              f - +6 ring of intelligence

@: no status effects
A: fangs 1, strong nose, distributed training
a: Renounce Religion, Wall Jump, Serpent's Lash


You were on level 6 of the Dungeon.
You worshipped Wu Jian.
Wu Jian was most pleased with you.
You visited 1 branch of the dungeon, and saw 6 of its levels.

You collected 312 gold pieces.

Inventory:

Hand Weapons
 a - a +0 rapier
 n - a +2 dagger of venom (weapon)
Missiles
 t - 8 atropa-tipped darts (quivered)
 u - 50 poisoned darts
 B - 2 boomerangs
Armour
 b - a +0 scale mail (worn)
 c - a +0 kite shield (worn)
 z - a +0 cloak (worn)
Jewellery
 f - a +6 ring of intelligence (right hand)
 D - a ring of poison resistance (left hand)
Wands
 A - a wand of flame (18)
 E - a wand of iceblast (2)
Scrolls
 g - 2 scrolls of magic mapping {unknown}
 l - 2 scrolls of blinking {unknown}
 o - 3 scrolls of teleportation {unknown}
 p - 9 scrolls of identify {unknown}
 q - 4 scrolls of enchant armour {unknown}
 s - 2 scrolls of amnesia {unknown}
 v - a scroll of vulnerability {unknown}
 x - a scroll of fog {unknown}
 y - 3 scrolls of immolation {unknown}
 C - a scroll of summoning {unknown}
Potions
 d - a potion of might
 e - a potion of haste {unknown}
 h - a potion of degeneration {unknown}
 i - a potion of mutation {unknown}
 j - a potion of resistance {unknown}
 k - a potion of magic
 m - a potion of ambrosia {unknown}
 r - a potion of lignification
 w - a potion of curing {unknown}


   Skills:
 + Level 7.3 Fighting
 + Level 5.6 Short Blades
 + Level 3.2 Long Blades
 + Level 3.2 Axes
 + Level 3.2 Maces & Flails
 + Level 3.2 Polearms
 + Level 3.2 Staves
 + Level 3.2 Slings
 + Level 3.2 Bows
 + Level 3.2 Crossbows
 + Level 3.2 Throwing
 + Level 7.3 Armour
 + Level 3.2 Dodging
 + Level 3.2 Stealth
 + Level 7.3 Shields
 + Level 3.2 Unarmed Combat
 + Level 3.2 Spellcasting
 + Level 2.6 Conjurations
 + Level 2.6 Hexes
 + Level 2.6 Summonings
 + Level 2.6 Necromancy
 + Level 2.6 Translocations
 + Level 2.6 Transmutations
 + Level 2.6 Fire Magic
 + Level 2.6 Ice Magic
 + Level 2.6 Air Magic
 + Level 2.6 Earth Magic
 + Level 2.6 Poison Magic
 + Level 3.5 Invocations
 + Level 3.2 Evocations


You had 13 spell levels left.
You didn't know any spells.
Your spell library was empty.

Dungeon Overview and Level Annotations

Branches:
Dungeon (6/15)
 Temple: D:4-7

Altars:
Nemelex Xobeh
Qazlal
Uskayaw
Vehumet
Wu Jian

Shops:
D:3 [

Annotations:
D:3 1 runed translucent door, chuckie79's ghost, amateur HOFi


Innate Abilities, Weirdness & Mutations

You have very sharp teeth.
Your uncanny sense of smell can sniff out nearby items.
Your experience applies equally to all skills.


Message History

The lemure hits you.
You closely miss the lemure.
The lemure is moderately wounded.
You block the lemure's attack.
You hit the lemure but do no damage.
The lemure looks as sick as possible!
The lemure is heavily wounded.
Unknown command.
Unknown command.
Unknown command.
There is nothing to wall jump against here.
You hit the lemure.
The lemure looks as sick as possible!
The lemure is severely wounded.
The lemure hits you!
You hit the lemure but do no damage.
The lemure looks as sick as possible!
You bite the lemure.
The lemure is severely wounded.
You block the lemure's attack.
You hit the lemure but do no damage.
The lemure looks as sick as possible!
The lemure is almost dead.
You kill the lemure!
That felt strangely unrewarding.
You closely miss the steam dragon. You block the steam dragon's attack.
The steam dragon barely misses you.
You hit the steam dragon but do no damage.
The steam dragon bites you! You block the steam dragon's attack.
You completely miss the steam dragon. You block the steam dragon's attack. x2
You closely miss the steam dragon. Your bite misses the steam dragon.
The steam dragon breathes steam at you. The ball of steam hits you!
* * * LOW HITPOINT WARNING * * *
You hit the steam dragon.
The steam dragon is poisoned.
The steam dragon is lightly wounded.
You are engulfed in a cloud of scalding steam.
* * * LOW HITPOINT WARNING * * *
The steam dragon barely misses you. You block the steam dragon's attack.
You hit the steam dragon.
The steam dragon looks as sick as possible!
The steam dragon is lightly wounded.
You are engulfed in a cloud of scalding steam.
You die...

#...[......##
#...........##
#....####....#
#...### ###..#
#.## #..## #
##..# #..##
### #...## #@#
##.... #D##
##### #55####
##5...###
###..D.##
##$..5###
##.....#######
##....#......
#...#5......


You could see a steam dragon (extremely poisoned, catching breath) and 3
lemures.

Vanquished Creatures
  A black bear (D:5)
  A necrophage (D:6)
  2 ice beasts
  3 phantoms
  A lemure (D:6)
  3 scorpions
  A centaur zombie (D:6)
  2 hounds (D:4)
  A centaur skeleton (D:6)
  3 iguanas (D:5)
  An orc wizard (D:6)
  4 gnolls (D:3)
  5 adders
  A shadow imp (D:5)
  An ufetubus (D:4)
  A worm (D:3)
  3 dart slugs
  10 orcs
  3 ball pythons
  8 endoplasms
  5 giant cockroaches
  6 goblins
  4 hobgoblins
  3 jackals (D:2)
  3 kobolds
  3 quokkas
  3 bats
  3 rats (D:3)
85 creatures vanquished.

Vanquished Creatures (others)
  3 plants (D:2)
3 creatures vanquished.

Grand Total: 88 creatures vanquished

Notes
Turn   | Place    | Note
-------+----------+-------------------------------------------
     0 | D:1      | MisterFreud the Gnoll Fighter began the quest for the Orb.
     0 | D:1      | Reached XP level 1. HP: 23/23 MP: 1/1
   228 | D:1      | Reached XP level 2. HP: 29/29 MP: 2/2
   495 | D:1      | Found a faded altar of an unknown god.
   594 | D:1      | Became a worshipper of the Wu Jian Council
   594 | D:1      | Reached * piety under Wu Jian
  1024 | D:2      | Reached XP level 3. HP: 35/35 MP: 2/4
  1304 | D:2      | Reached skill level 1 in Invocations
  1992 | D:3      | Reached skill level 1 in Long Blades
  1992 | D:3      | Reached skill level 1 in Axes
  1992 | D:3      | Reached skill level 1 in Maces & Flails
  1992 | D:3      | Reached skill level 1 in Polearms
  1992 | D:3      | Reached skill level 1 in Staves
  1992 | D:3      | Reached skill level 1 in Slings
  1992 | D:3      | Reached skill level 1 in Bows
  1992 | D:3      | Reached skill level 1 in Crossbows
  1992 | D:3      | Reached skill level 1 in Throwing
  1992 | D:3      | Reached skill level 1 in Dodging
  1992 | D:3      | Reached skill level 1 in Stealth
  1992 | D:3      | Reached skill level 1 in Unarmed Combat
  1992 | D:3      | Reached skill level 1 in Spellcasting
  1992 | D:3      | Reached skill level 1 in Evocations
  2009 | D:3      | Reached ** piety under Wu Jian
  2033 | D:3      | Reached XP level 4. HP: 30/41 MP: 5/5
  2050 | D:3      | Reached skill level 1 in Conjurations
  2050 | D:3      | Reached skill level 1 in Hexes
  2050 | D:3      | Reached skill level 1 in Summonings
  2050 | D:3      | Reached skill level 1 in Necromancy
  2050 | D:3      | Reached skill level 1 in Translocations
  2050 | D:3      | Reached skill level 1 in Transmutations
  2050 | D:3      | Reached skill level 1 in Fire Magic
  2050 | D:3      | Reached skill level 1 in Ice Magic
  2050 | D:3      | Reached skill level 1 in Air Magic
  2050 | D:3      | Reached skill level 1 in Earth Magic
  2050 | D:3      | Reached skill level 1 in Poison Magic
  2709 | D:3      | Found Qodiz's Antique Armour Shop.
  2798 | D:3      | Found a runed translucent door.
  2803 | D:3      | Reached XP level 5. HP: 45/47 MP: 6/6
  2826 | D:3      | Noticed chuckie79's ghost (amateur HOFi)
  3021 | D:4      | Noticed a phantom
  3089 | D:4      | Killed a phantom
  3408 | D:4      | Found a stormy altar of Qazlal.
  3441 | D:4      | Found a hide-covered altar of Uskayaw.
  3516 | D:4      | Reached XP level 6. HP: 44/53 MP: 8/8
  3650 | D:4      | Found a radiant altar of Vehumet.
  3670 | D:4      | Reached skill level 5 in Short Blades
  3980 | D:5      | Entered Level 5 of the Dungeon
  4140 | D:5      | Found a sparkling altar of Nemelex Xobeh.
  4184 | D:5      | Noticed a black bear
  4196 | D:5      | Killed a black bear
  4297 | D:5      | Reached XP level 7. HP: 59/59 MP: 10/10
  4978 | D:5      | Reached *** piety under Wu Jian
  5277 | D:6      | Reached XP level 8. HP: 39/67 MP: 12/12
  6019 | D:6      | Engulfed by a steam dragon's steam

Illustrated notes

Levels and vault maps discovered:
D:1:      evilmike_arrival_fibonacci_small, layout_basic,
          shapermc_ecumenical_altar_mp_highgroup
D:2:      layout_basic, serial_forest, infiniplex_forest_3_way,
          infiniplex_forest_clump_tiny, infiniplex_forest_clump_curved,
          infiniplex_forest_corner_2, infiniplex_forest_zigzag_1,
          infiniplex_forest_lined_3
D:3:      layout_basic, ebering_ghost_sewer_d, serial_shops,
          nicolae_shop_competitors_out_of_business
D:4:      layout_cave_pools, mainiacjoe_overflow_catch_the_wave,
          nicolae_vehumet_altar_sigil
D:5:      layout_gridville, kennysheep_mini
D:6:      layout_layer_cave, serial_shops, nicolae_square_shop, uniq_pikel

Skill      XL: |  1  2  3  4  5  6  7  8 |
---------------+-------------------------+-----
Invocations    | 1 2 3 |  3.5
Long Blades    | 1 2 3 |  3.2
Axes           | 1 2 3 |  3.2
Maces & Flails | 1 2 3 |  3.2
Polearms       | 1 2 3 |  3.2
Staves         | 1 2 3 |  3.2
Slings         | 1 2 3 |  3.2
Bows           | 1 2 3 |  3.2
Crossbows      | 1 2 3 |  3.2
Throwing       | 1 2 3 |  3.2
Dodging        | 1 2 3 |  3.2
Stealth        | 1 2 3 |  3.2
Unarmed Combat | 1 2 3 |  3.2
Spellcasting   | 1 2 3 |  3.2
Evocations     | 1 2 3 |  3.2
Conjurations   | 1 2 |  2.6
Hexes          | 1 2 |  2.6
Summonings     | 1 2 |  2.6
Necromancy     | 1 2 |  2.6
Translocations | 1 2 |  2.6
Transmutations | 1 2 |  2.6
Fire Magic     | 1 2 |  2.6
Ice Magic      | 1 2 |  2.6
Air Magic      | 1 2 |  2.6
Earth Magic    | 1 2 |  2.6
Poison Magic   | 1 2 |  2.6
Short Blades   | 5 |  5.6
Fighting       | 7 |  7.3
Armour         | 7 |  7.3
Shields        | 7 |  7.3

Action                   |  1- 3 |  4- 6 |  7- 9 || total
-------------------------+-------+-------+-------++-------
Melee: Rapier            |    46 |     6 |     9 ||    61
       Bite              |     9 |    15 |    30 ||    54
       Dagger            |    36 |   170 |   187 ||   393
Invok: Lunge             |     8 |    11 |     7 ||    26
       Whirlwind         |       |     1 |     6 ||     7
  Use: Potion            |       |     2 |       ||     2
Armor: Scale mail        |    24 |    48 |    61 ||   133
       Skin              |       |    16 |       ||    16
Dodge: Dodged            |    15 |    50 |    71 ||   136
Block: Kite shield       |    30 |    75 |    88 ||   193
